[Event "Titled Tuesday Blitz December 13 Early 2022"]
[White "Kaganskiy, Gleb"]
[Black "Korchmar, Vasiliy"]
[WhiteFideId "4132025"]
[BlackFideId "24131750"]
[WhiteElo "2165"]
[BlackElo "2370"]
[Result "0-1"]
[Round "02"]
[TimeControl "180+1"]
[Date "2022.12.14"]
[WhiteClock "0:00:15"]
[BlackClock "0:00:12"]

1. e4 c5 2. Nf3 d6 3. d4 cxd4 4. Qxd4 Nc6 5. Bb5 a6 6. Bxc6+ bxc6 7. Nc3 e5 8. Qd3 Nf6 9. O-O h6 10. Rd1 Be7 11. h3 O-O 12. Qe3 Qc7 13. b3 Be6 14. Ba3 Nh5 15. Rd2 Nf4 16. Rad1 Rad8 17. Na4 c5 18. c4 f5 19. Nc3 Rf7 20. Nd5 Bxd5 21. cxd5 Qa5 22. Bxc5 dxc5 23. Nxe5 Bg5 24. Nxf7 Kxf7 25. h4 Nxd5 26. Qd3 Bxd2 27. Rxd2 fxe4 28. Qe2 Nf6 29. Rxd8 Qxd8 30. Qc4+ Qd5 31. Qxa6 Ng4 32. Qa7+ Kg6 33. Qb6+ Kh7 34. g3 Qd1+ 35. Kg2 Qf3+ 36. Kh3 Nxf2+ 37. Kh2 Ng4+ 38. Kh3 h5 39. Qg6+ Kxg6 40. b4 Qh1# 0-1


[Site "https://www.chess.com"]

[Event "Titled Tuesday Blitz December 13 Early 2022"]
[White "Kalashian, David"]
[Black "Nakamura, Hikaru"]
[WhiteFideId "13302418"]
[BlackFideId "2016192"]
[WhiteElo "2490"]
[BlackElo "2909"]
[Result "1-0"]
[Round "02"]
[TimeControl "180+1"]
[Date "2022.12.13"]
[WhiteClock "0:00:07"]
[BlackClock "0:00:25"]

1. d4 g6 2. e4 Bg7 3. Nc3 a6 4. a4 d6 5. Nf3 Bg4 6. Be2 Nc6 7. Be3 e5 8. dxe5 Bxf3 9. Bxf3 Nxe5 10. Be2 Ne7 11. O-O O-O 12. Qd2 f5 13. f4 N5c6 14. Bf3 fxe4 15. Bxe4 Qd7 16. Rad1 Rae8 17. Kh1 Kh8 18. Bg1 Nf5 19. Rde1 Re6 20. Qd3 Nfe7 21. Qh3 Nf5 22. Bd5 Rxe1 23. Rxe1 Nb4 24. Bb3 Qd8 25. g4 Nd4 26. Bxd4 Bxd4 27. f5 gxf5 28. gxf5 Qd7 29. Re4 c5 30. Be6 Qe7 31. Rg4 d5 32. Qg2 Bg7 33. Ne2 Nc6 34. Nf4 Qf6 35. Ng6+ Qxg6 36. fxg6 Ne5 37. Rg3 h6 38. Re3 d4 39. Rxe5 Bxe5 40. Qe4 Bg7 41. Qxb7 Rd8 42. Bf7 c4 43. Bxc4 Re8 44. Bd3 a5 45. Qc6 Rf8 46. Qd5 Bf6 47. Kg2 Bg7 48. Qxa5 Re8 49. Qd5 Rb8 50. a5 Rg8 51. a6 Re8 52. a7 1-0


[Site "https://www.chess.com"]

[Event "Titled Tuesday Blitz December 13 Early 2022"]
[White "Khripachenko, Alexander"]
[Black "Firouzja, Alireza"]
[WhiteFideId "54184975"]
[BlackFideId "12573981"]
[WhiteElo "2301"]
[BlackElo "2904"]
[Result "0-1"]
[Round "02"]
[TimeControl "180+1"]
[Date "2022.12.13"]
[WhiteClock "0:00:17"]
[BlackClock "0:00:08"]

1. e4 e6 2. d4 d5 3. Nd2 Be7 4. Bd3 Nf6 5. Qe2 Nc6 6. c3 e5 7. Ngf3 exd4 8. e5 dxc3 9. exf6 cxd2+ 10. Bxd2 gxf6 11. O-O Be6 12. Bb5 Qd6 13. Nd4 a6 14. Bxc6+ bxc6 15. Rfe1 c5 16. Nxe6 fxe6 17. Qxe6 Qxe6 18. Rxe6 Kf7 19. Rc6 Bd6 20. Ba5 Ra7 21. Re1 Re8 22. Rd1 Ke6 23. Re1+ Kd7 24. Rxe8 Kxe8 25. Bb6 Rb7 26. Ba5 Rxb2 27. g3 Kd7 28. Rxa6 Rxa2 29. Ra7 c4 30. Kf1 c3 31. Ke1 Ra1+ 32. Ke2 c2 0-1


[Site "https://www.chess.com"]

[Event "Titled Tuesday Blitz December 13 Early 2022"]
[White "Kirillov, Dmitry"]
[Black "Corrales Jimenez, Fidel"]
[WhiteFideId "34180572"]
[BlackFideId "3506690"]
[WhiteElo "2111"]
[BlackElo "2541"]
[Result "0-1"]
[Round "02"]
[TimeControl "180+1"]
[Date "2022.12.14"]
[WhiteClock "0:00:01"]
[BlackClock "0:00:42"]

1. e4 c5 2. Nc3 Nc6 3. f4 g6 4. Nf3 Bg7 5. Bc4 e6 6. e5 d5 7. exd6 Nf6 8. Ne5 O-O 9. Nxc6 bxc6 10. O-O Qxd6 11. d3 Rb8 12. Kh1 h5 13. Qf3 Qc7 14. Rb1 Nd5 15. Ne4 Nb6 16. b3 Nxc4 17. dxc4 Qa5 18. a4 Rd8 19. Be3 f5 20. Nxc5 Qc3 21. Qe2 e5 22. fxe5 Qxe5 23. Qf3 Be6 24. Qxc6 Bf7 25. Bf4 Qc3 26. Bxb8 Rxb8 27. Rbd1 Qxc2 28. Rd7 Qe2 29. Rg1 Rf8 30. Qf3 Qe5 31. Nd3 Qf6 32. Rxa7 g5 33. Rf1 f4 34. Nf2 g4 35. Qe4 Bg6 36. Qd5+ Kh8 37. Ne4 Qh4 38. Qd7 Rg8 39. Qe6 Bd4 0-1


[Site "https://www.chess.com"]

[Event "Titled Tuesday Blitz December 13 Early 2022"]
[White "Klepikov, Nikita"]
[Black "Khamdamova, Afruza"]
[WhiteFideId "24145220"]
[BlackFideId "14210444"]
[WhiteElo "2025"]
[BlackElo "2018"]
[Result "1-0"]
[Round "02"]
[TimeControl "180+1"]
[Date "2022.12.14"]
[WhiteClock "0:00:04"]
[BlackClock "0:00:06"]

1. e4 e5 2. Nf3 Nc6 3. Bb5 a6 4. Ba4 Nf6 5. Qe2 b5 6. Bb3 Bc5 7. c3 O-O 8. d3 d5 9. Bg5 dxe4 10. dxe4 h6 11. Bh4 Bg4 12. h3 Bh5 13. g4 Bg6 14. Nbd2 Be7 15. O-O-O Nd7 16. Bg3 Bd6 17. Bd5 Ndb8 18. Nh4 Kh7 19. Nf5 Ra7 20. Qe3 Bxf5 21. gxf5 Qe7 22. f4 Bc5 23. Qf3 f6 24. Nb3 Bb6 25. Qh5 Be3+ 26. Kb1 exf4 27. Bh4 Ne5 28. Rh2 c6 29. Be6 Nbd7 30. Nd4 Nc5 31. Nc2 Nxe6 32. fxe6 Qxe6 33. Nxe3 fxe3 34. Qe2 Nc4 35. b3 Qxe4+ 36. Qd3 Qxd3+ 37. Rxd3 Ne5 38. Rxe3 Rd7 39. Re1 Rfd8 40. Rhe2 Rd1+ 41. Kc2 Rxe1 42. Rxe1 g5 43. Bg3 Nf3 44. Re7+ Kg6 45. Re2 f5 46. Bc7 Rd7 47. Bb6 f4 48. a4 Kf5 49. axb5 cxb5 50. c4 Nd4+ 51. Bxd4 Rxd4 52. Kc3 Re4 53. Rd2 f3 54. c5 Re2 55. Rd8 1-0


[Site "https://www.chess.com"]

[Event "Titled Tuesday Blitz December 13 Early 2022"]
[White "Kodinets, Konstantin L."]
[Black "Zemlyanskii, Ivan"]
[WhiteFideId "4122011"]
[BlackFideId "24249971"]
[WhiteElo "2447"]
[BlackElo "2107"]
[Result "1/2-1/2"]
[Round "02"]
[TimeControl "180+1"]
[Date "2022.12.14"]
[WhiteClock "0:00:34"]
[BlackClock "0:00:24"]

1. d4 Nf6 2. Nf3 d5 3. Bf4 c5 4. e3 Nc6 5. c3 Qb6 6. Qc2 g6 7. Nbd2 Bf5 8. dxc5 Qxc5 9. Qb3 Qb6 10. h3 Bg7 11. Be2 O-O 12. O-O Rac8 13. Ne5 Nxe5 14. Bxe5 Qc6 15. Bb5 Qe6 16. Bd4 a6 17. Be2 Qc6 18. a4 Rfe8 19. Nf3 Qd6 20. Be5 Qd7 21. Rfd1 Red8 22. a5 Ne4 23. Bxg7 Kxg7 24. Qb4 Nc5 25. Rd4 Qc6 26. Ne5 Qc7 27. Nf3 e5 28. Rdd1 f6 29. Nh2 Be6 30. Bf3 Rd7 31. Nf1 Rcd8 32. Ng3 h5 33. h4 e4 34. Be2 Bg4 35. Rd2 Bxe2 36. Nxe2 Nd3 37. Qd4 Ne5 38. Nf4 Qc6 39. Qa4 Nc4 40. Qxc6 bxc6 41. Ne6+ Kf7 42. Nxd8+ Rxd8 43. Rc2 Rb8 44. b4 Ke6 45. Kf1 Ne5 46. Ke2 g5 47. Rh1 Rh8 48. Rd2 g4 49. Rd4 f5 50. Rc1 Rb8 51. Rc2 Rb5 52. Rcd2 Rb7 53. Rc2 Rb5 54. Rcd2 Rb7 1/2-1/2


[Site "https://www.chess.com"]

[Event "Titled Tuesday Blitz December 13 Early 2022"]
[White "Koellner, Ruben Gideon"]
[Black "Martin Duque, Jesus"]
[WhiteFideId "12993093"]
[BlackFideId "2208954"]
[WhiteElo "2303"]
[BlackElo "2297"]
[Result "1-0"]
[Round "02"]
[TimeControl "180+1"]
[Date "2022.12.14"]
[WhiteClock "0:01:01"]
[BlackClock "0:02:03"]

1. d4 Nf6 2. Bg5 b6 3. Bxf6 exf6 4. Nf3 Bb7 5. e3 g6 6. c4 Bg7 7. g3 O-O 8. Bg2 f5 9. Nc3 Re8 10. O-O d6 11. a4 a5 12. Nd5 Nd7 13. Qd2 Nf8 14. b4 axb4 15. Qxb4 Ra5 16. Nd2 Ne6 17. Nb3 Bxd5 18. cxd5 Ng5 19. Nxa5 bxa5 20. Qxa5 h5 21. h4 Ne4 22. Rfc1 g5 23. Qxc7 Qf6 24. Qd7 Rd8 25. Rc8 Rxc8 26. Qxc8+ Kh7 27. Bxe4 fxe4 28. hxg5 Qf3 29. a5 Bxd4 30. exd4 e3 31. Qc2+ Kg7 32. Re1 h4 33. Rxe3 Qxd5 34. Qe4 Qxg5 35. Qxh4 Qg6 36. Re4 1-0


[Site "https://www.chess.com"]

[Event "Titled Tuesday Blitz December 13 Early 2022"]
[White "Kostiukov, Alexandr"]
[Black "Goltseva, Ekaterina"]
[WhiteFideId "14108100"]
[BlackFideId "24173770"]
[WhiteElo "2202"]
[BlackElo "2200"]
[Result "1/2-1/2"]
[Round "02"]
[TimeControl "180+1"]
[Date "2022.12.14"]
[WhiteClock "0:00:56"]
[BlackClock "0:00:18"]

1. g3 d5 2. Bg2 Nf6 3. d3 c5 4. e4 dxe4 5. dxe4 Qxd1+ 6. Kxd1 Nc6 7. f3 Be6 8. Be3 O-O-O+ 9. Nd2 b6 10. Bh3 Bxh3 11. Nxh3 e6 12. c3 Be7 13. Ke2 Ne5 14. Nf2 h5 15. h3 Rd7 16. f4 Nc6 17. Nc4 Rhd8 18. a4 Kb7 19. g4 Rh8 20. g5 Ne8 21. Nd3 f6 22. h4 Nd6 23. Nxd6+ Rxd6 24. Rad1 c4 25. Nf2 Rhd8 26. Rxd6 Bxd6 27. Rg1 Rf8 28. gxf6 gxf6 29. Rg7+ Ka6 30. Rh7 Ka5 31. Rxh5+ Kxa4 32. Kd2 Kb3 33. Nd1 Rg8 34. Bxb6 axb6 35. Rb5+ Ka4 36. Rxb6 Bxf4+ 37. Ke2 Ne5 38. Rxe6 Rg2+ 39. Kf1 Rd2 40. Nf2 Rxb2 41. Rxf6 Rxf2+ 42. Kxf2 Ng4+ 43. Kf3 Nxf6 44. Kxf4 Kb3 45. e5 Nd7 46. e6 Nf8 47. Kf5 Nxe6 48. Kxe6 Kxc3 49. h5 Kd2 50. h6 c3 51. h7 c2 52. h8=Q c1=Q 53. Qh6+ Kc2 54. Qxc1+ Kxc1 1/2-1/2


[Site "https://www.chess.com"]

[Event "Titled Tuesday Blitz December 13 Early 2022"]
[White "Kozlov, Gennady"]
[Black "Donskov, Anatoly"]
[WhiteFideId "4191668"]
[BlackFideId "24143413"]
[WhiteElo "2356"]
[BlackElo "2219"]
[Result "1-0"]
[Round "02"]
[TimeControl "180+1"]
[Date "2022.12.14"]
[WhiteClock "0:01:40"]
[BlackClock "0:00:07"]

1. b3 Nf6 2. Bb2 g6 3. e3 Bg7 4. f4 O-O 5. Nf3 b6 6. Be2 Bb7 7. O-O c5 8. a4 d6 9. Na3 Nbd7 10. Rb1 Re8 11. d3 e5 12. fxe5 dxe5 13. e4 a6 14. Bc1 Qc7 15. Bd2 Nb8 16. Qe1 Nc6 17. Qg3 Rad8 18. Bc3 Nh5 19. Qg5 h6 20. Qh4 Nf4 21. Bd1 Ne6 22. Nc4 Ned4 23. Nxd4 Nxd4 24. Bxd4 cxd4 25. Rf2 b5 26. axb5 axb5 27. Nd2 Qc3 28. Nf1 Ra8 29. Ng3 b4 30. Qg4 Bc8 31. Qh4 Be6 32. Rf1 Rac8 33. Ne2 Qd2 34. Ra1 Rc7 35. Ra6 Kh7 36. Ng3 Rxc2 37. Bxc2 Qxc2 38. Rxe6 Rxe6 39. Rxf7 Qxd3 40. h3 Qd1+ 41. Kh2 Qxb3 42. Qd8 Qa4 43. Qf8 1-0


[Site "https://www.chess.com"]

[Event "Titled Tuesday Blitz December 13 Early 2022"]
[White "Krishnan, Varun"]
[Black "Alexakis, Dimitris"]
[WhiteFideId "5054508"]
[BlackFideId "4277023"]
[WhiteElo "2542"]
[BlackElo "2470"]
[Result "0-1"]
[Round "02"]
[TimeControl "180+1"]
[Date "2022.12.14"]
[WhiteClock "0:00:03"]
[BlackClock "0:00:23"]

1. e4 b6 2. d4 Bb7 3. Bd3 e6 4. Ne2 d5 5. Nd2 c5 6. c3 Nc6 7. a3 cxd4 8. cxd4 dxe4 9. Nxe4 Be7 10. O-O Nf6 11. b4 O-O 12. Bb2 Rc8 13. Rc1 Qd7 14. Qa4 Rfd8 15. Ng5 Nxd4 16. Qxd7 Nxe2+ 17. Bxe2 Rxd7 18. Nf3 Nd5 19. Ne5 Rdc7 20. Bf3 f6 21. Nd3 Kf7 22. h3 Rc2 23. Rxc2 Rxc2 24. Rc1 Rxc1+ 25. Bxc1 Ba6 26. Nf4 Bc4 27. Nxd5 Bxd5 28. Bxd5 exd5 29. f4 Ke6 30. Kf2 a5 31. bxa5 bxa5 32. Ke3 Bc5+ 33. Kd3 a4 34. g4 h5 35. Bb2 hxg4 36. hxg4 g6 37. Bc1 f5 38. g5 d4 39. Kc4 Bb6 40. Bd2 Kd6 41. Bb4+ Kc6 42. Bd2 Bc5 43. Bc1 d3 44. Kxd3 Kd5 45. Bb2 Bd6 46. Bc1 Be7 47. Bb2 Bc5 48. Bc1 Bd6 49. Kc3 Ke4 50. Kc4 Bxf4 51. Bb2 Bd2 52. Kb5 f4 53. Kxa4 f3 0-1


[Site "https://www.chess.com"]

[Event "Titled Tuesday Blitz December 13 Early 2022"]
[White "Krzywda, Andrzej"]
[Black "Jaracz, Pawel"]
[WhiteFideId "1114565"]
[BlackFideId "1102222"]
[WhiteElo "2149"]
[BlackElo "2460"]
[Result "0-1"]
[Round "02"]
[TimeControl "180+1"]
[Date "2022.12.14"]
[WhiteClock "0:00:01"]
[BlackClock "0:01:15"]

1. d4 c5 2. d5 e5 3. e4 d6 4. Bb5+ Nd7 5. a4 Be7 6. Nf3 Nf6 7. Nc3 O-O 8. O-O Ne8 9. Bd3 g6 10. Bh6 Ng7 11. Qd2 Nf6 12. h3 Kh8 13. g4 Ng8 14. Bxg7+ Kxg7 15. Ne2 Nf6 16. Ng3 Rh8 17. Kh2 h5 18. Nf5+ gxf5 19. gxf5 Kf8 20. Rg1 h4 21. Rg2 Nh5 22. Rag1 Nf4 23. Rg4 Bf6 24. Ne1 Qb6 25. b3 Qb4 26. Qd1 Qd4 27. Qd2 Qb4 28. Qe3 Bd7 29. Bc4 a6 30. c3 Qa3 31. Nc2 Qb2 32. Qd2 b5 33. Bf1 Qxb3 34. Ne3 bxa4 35. Bc4 Qb6 36. Qa2 Bb5 37. Rb1 Qa5 38. Rgg1 Ke7 39. Rgc1 Rhg8 40. Bxb5 axb5 41. Qb2 a3 42. Qb3 a2 43. Ra1 c4 44. Qc2 Nd3 45. Qe2 Bg5 46. Rd1 Bf4+ 47. Kh1 Bxe3 48. Qxe3 Qxc3 49. Rf1 Qd4 50. Qh6 Nf4 51. f6+ Kd7 52. Qxh4 Qxe4+ 0-1


[Site "https://www.chess.com"]

[Event "Titled Tuesday Blitz December 13 Early 2022"]
[White "Lamaze, Simon"]
[Black "Sarana, Alexey"]
[WhiteFideId "36069264"]
[BlackFideId "24133795"]
[WhiteElo "2272"]
[BlackElo "2708"]
[Result "1/2-1/2"]
[Round "02"]
[TimeControl "180+1"]
[Date "2022.12.13"]
[WhiteClock "0:00:20"]
[BlackClock "0:00:06"]

1. e4 c5 2. Nf3 d6 3. d4 cxd4 4. Nxd4 Nf6 5. Nc3 a6 6. Bd2 e5 7. Nf5 Nxe4 8. Nxg7+ Bxg7 9. Nxe4 d5 10. Ng3 e4 11. Qh5 Nc6 12. c4 Bxb2 13. Rb1 Be5 14. Be2 dxc4 15. Bxc4 Qf6 16. O-O Qg6 17. Qe2 O-O 18. Bd5 Bxg3 19. hxg3 Bg4 20. Qe3 Rad8 21. Bxe4 Bf5 22. Bxf5 Qxf5 23. Rxb7 Rd5 24. Rb6 Nd4 25. Bc3 Ne6 26. Rxa6 Rfd8 27. Qe2 Rd3 28. Ba1 Rd2 29. Qf3 Qg5 30. Bf6 Qg6 31. Bxd8 Rxd8 32. Ra8 Qg5 33. Rxd8+ Qxd8 34. a4 Qa5 35. Qg4+ Kf8 36. Qc4 Kg7 37. Qb5 Qd2 38. a5 Nd4 39. Qe5+ f6 40. Qe7+ Kg6 41. Qe4+ Kg7 42. Qe3 Qb4 43. a6 Qc4 44. a7 Ne2+ 45. Kh2 Qb5 46. Qxe2 Qxe2 47. a8=Q Qxf1 48. Qb7+ Kg6 49. Qe4+ Kg7 50. Qe7+ Kg6 51. f4 Qb5 52. g4 Qc4 53. f5+ Kg5 54. Qg7+ Kf4 55. Qxf6 Kxg4 56. Qe6 Qf4+ 57. Kg1 Qd4+ 58. Kf1 Qd1+ 59. Kf2 Qd4+ 60. Kf1 Kg3 61. Qg8+ Kf4 62. Qb8+ Kg4 63. Qg8+ Kf4 64. Qxh7 Qd1+ 65. Kf2 Qd4+ 66. Ke2 Qe4+ 67. Kf1 Qb1+ 68. Kf2 Qb6+ 69. Ke2 Qb2+ 70. Kd3 Qb3+ 71. Kd2 Qb2+ 72. Kd3 Qb5+ 73. Kd4 Qe5+ 74. Kd3 Qe3+ 75. Kc4 Qe4+ 76. Kc5 Qe5+ 77. Kc6 Qf6+ 78. Kd7 Qxf5+ 79. Qxf5+ Kxf5 80. Ke7 Kg4 81. Kf6 Kg3 82. Kg5 Kxg2 1/2-1/2


[Site "https://www.chess.com"]

[Event "Titled Tuesday Blitz December 13 Early 2022"]
[White "Larina, Maria"]
[Black "Tymrakiewicz, Rafal"]
[WhiteFideId "24113182"]
[BlackFideId "1108832"]
[WhiteElo "1848"]
[BlackElo "2139"]
[Result "0-1"]
[Round "02"]
[TimeControl "180+1"]
[Date "2022.12.14"]
[WhiteClock "0:00:01"]
[BlackClock "0:00:10"]

1. e4 Nf6 2. Nc3 d5 3. e5 Ne4 4. Nce2 f6 5. d3 Ng5 6. f4 Nf7 7. d4 c5 8. c3 Nc6 9. Nf3 Bg4 10. Ng3 cxd4 11. cxd4 Bxf3 12. gxf3 Qb6 13. Be3 e6 14. b3 fxe5 15. fxe5 Nfxe5 16. Kf2 Nd7 17. Bh3 Nd8 18. Nh5 g6 19. Nf4 Kf7 20. Rg1 Bd6 21. Qd3 Rg8 22. Rae1 Nf8 23. Bd2 Rc8 24. Rc1 Rc6 25. Qe3 Qc7 26. Rxc6 bxc6 27. Re1 Bxf4 28. Qxf4+ Qxf4 29. Bxf4 Nd7 30. Bg5 Nf6 31. b4 Re8 32. Bf4 Re7 33. Bd6 Rb7 34. a3 Rb6 35. Bc5 Rb7 36. Ke3 Nd7 37. Bd6 Nb6 38. Kd3 Nc4 39. Bc5 Nxa3 40. Ra1 Nb5 41. Ra6 Rd7 42. Ra1 Kf6 43. Re1 Kf7 44. f4 Nd6 45. Bg4 Ne4 46. Ra1 Nxc5+ 47. bxc5 Rb7 48. Kc3 Kf6 49. Ra2 Nf7 50. Re2 Re7 51. Bh3 Nh6 52. Bg2 Nf5 53. Bh3 Rb7 54. Ra2 h6 55. Ra3 g5 56. fxg5+ Kxg5 57. Bxf5 exf5 58. Ra2 Re7 59. Rg2+ Kf6 60. Rf2 Re3+ 61. Kd2 Ra3 62. Rf4 Kg5 63. Rf1 f4 64. Rg1+ Kf5 65. Ke2 Ke4 66. Rg6 Ra2+ 67. Kd1 Kxd4 68. Rxc6 Kd3 69. Ke1 d4 0-1


[Site "https://www.chess.com"]

[Event "Titled Tuesday Blitz December 13 Early 2022"]
[White "Lauridsen, Jesper Morch"]
[Black "Bilan, Danila"]
[WhiteFideId "1401890"]
[BlackFideId "24161918"]
[WhiteElo "2268"]
[BlackElo "2182"]
[Result "1/2-1/2"]
[Round "02"]
[TimeControl "180+1"]
[Date "2022.12.14"]
[WhiteClock "0:00:07"]
[BlackClock "0:00:12"]

1. e4 c6 2. c3 d5 3. exd5 cxd5 4. d4 Nf6 5. Bd3 Nc6 6. Ne2 Bg4 7. Bf4 e6 8. Nd2 Bd6 9. Bxd6 Qxd6 10. h3 Bh5 11. g4 Bg6 12. Bxg6 hxg6 13. Ng3 b5 14. a3 a5 15. Qe2 Rb8 16. Nb3 Nd7 17. Qe3 b4 18. axb4 axb4 19. Ra6 Rb6 20. Ra8+ Ncb8 21. Nc5 O-O 22. O-O bxc3 23. bxc3 Nc6 24. Nxd7 Qxd7 25. Rxf8+ Kxf8 26. c4 Kg8 27. Ra1 Rb8 28. c5 Qb7 29. Qf4 Qb2 30. Rd1 Qc2 31. Rd2 Qc1+ 32. Kg2 Qc4 33. Qc7 Qb5 34. h4 Qb7 35. Qf4 Qb4 36. Qc7 Qxd2 37. Qxc6 Rb2 38. Qe8+ Kh7 39. Qxf7 Qxd4 40. h5 Qxg4 41. hxg6+ Qxg6 42. Qf4 Rb3 43. Qh4+ Qh6 44. Nh5 Rb8 45. c6 Qg6+ 46. Kh2 Kg8 47. c7 Rc8 48. Qd8+ Qe8 49. Qg5 Rxc7 50. Nf6+ Kf7 51. Nxe8 Kxe8 52. Qg6+ Rf7 53. Kg3 Kf8 54. f4 Rf6 55. Qg5 Kf7 56. Kf3 Rf5 57. Qg4 Kf6 58. Ke3 g5 59. fxg5+ Rxg5 60. Qf4+ Rf5 61. Qb8 Re5+ 62. Kd4 Rf5 63. Kd3 Kf7 64. Qc7+ Kf6 65. Qd8+ Ke5 66. Qc7+ Kf6 67. Qd8+ Ke5 68. Qh8+ Kd6 69. Qd8+ Ke5 1/2-1/2


[Site "https://www.chess.com"]

[Event "Titled Tuesday Blitz December 13 Early 2022"]
[White "Lawson, Eric"]
[Black "Li, Hui"]
[WhiteFideId "2604116"]
[BlackFideId "15400310"]
[WhiteElo "2523"]
[BlackElo "1954"]
[Result "1-0"]
[Round "02"]
[TimeControl "180+1"]
[Date "2022.12.14"]
[WhiteClock "0:01:08"]
[BlackClock "0:00:25"]

1. d4 Nf6 2. Bg5 Ne4 3. Bf4 d5 4. e3 e6 5. Bd3 Bd6 6. Bxe4 Bxf4 7. Bd3 Bd6 8. f4 c5 9. c3 cxd4 10. cxd4 Nc6 11. a3 O-O 12. Nc3 a6 13. Qh5 g6 14. Qe2 b5 15. Nf3 Bd7 16. h4 Ne7 17. h5 Nf5 18. Rh3 b4 19. axb4 Bxb4 20. g4 Nd6 21. Qh2 Qe7 22. Ng5 e5 23. dxe5 Ne4 24. Bxe4 dxe4 25. hxg6 fxg6 26. Rxh7 1-0


[Site "https://www.chess.com"]

[Event "Titled Tuesday Blitz December 13 Early 2022"]
[White "Ljukin, Sergei"]
[Black "Averjanov, Alexey"]
[WhiteFideId "14102200"]
[BlackFideId "14109867"]
[WhiteElo "2312"]
[BlackElo "2653"]
[Result "1-0"]
[Round "02"]
[TimeControl "180+1"]
[Date "2022.12.14"]
[WhiteClock "0:00:50"]
[BlackClock "0:02:32"]

1. e4 c6 2. d4 d5 3. e5 Bf5 4. Nd2 e6 5. Nb3 Nd7 6. Nf3 h6 7. Be2 Ne7 8. O-O Bg6 9. a4 Nf5 10. a5 a6 11. Bd2 Be7 12. Rc1 O-O 13. g4 Nh4 14. Nxh4 Bxh4 15. f4 Be4 16. f5 Qe7 17. Bf3 Bxf3 18. Qxf3 f6 19. Qh3 fxe5 20. fxe6 Bg5 21. Bxg5 Qxg5 22. exd7 e4 23. Nc5 Qd2 24. Ne6 Rxf1+ 25. Rxf1 e3 26. Qf3 e2 27. Qf7+ Kh7 28. Qxg7# 1-0


[Site "https://www.chess.com"]

[Event "Titled Tuesday Blitz December 13 Early 2022"]
[White "Lopez Idarraga, Daniel Eduardo"]
[Black "Tharushi, T H D Niklesha"]
[WhiteFideId "4405501"]
[BlackFideId "9918264"]
[WhiteElo "2064"]
[BlackElo "1596"]
[Result "1-0"]
[Round "02"]
[TimeControl "180+1"]
[Date "2022.12.14"]
[WhiteClock "0:00:11"]
[BlackClock "0:01:15"]

1. b3 d5 2. Bb2 Nf6 3. Nf3 c5 4. g3 Nc6 5. Bg2 e6 6. O-O Bd6 7. d3 O-O 8. Nbd2 e5 9. e4 d4 10. Nc4 Bc7 11. a4 Be6 12. Nfd2 a6 13. f4 b5 14. Nxe5 Nxe5 15. fxe5 Bxe5 16. Nf3 Qc7 17. Nxe5 Qxe5 18. Qf3 Bg4 19. Qf4 Rae8 20. axb5 axb5 21. Qxe5 Rxe5 22. Ra5 Rb8 23. Rfa1 Ree8 24. Bc1 h6 25. Bf4 Rb6 26. Ra6 Rxa6 27. Rxa6 g5 28. Rxf6 gxf4 29. gxf4 Bd1 30. Bf1 Bxc2 31. Rb6 Bxb3 32. Rxb5 c4 33. dxc4 Bc2 34. e5 Rd8 35. Rd5 Rxd5 36. cxd5 d3 37. Kf2 d2 38. Be2 d1=Q 39. Bxd1 Bxd1 40. Ke3 Bg4 41. h4 Kf8 42. Ke4 Ke7 43. f5 h5 44. f6+ Kd7 45. Kd4 Kc7 46. Kc5 Kd7 47. Kd4 Kc7 48. Kc5 Bh3 49. Kb5 Bg2 50. Kc5 Kb7 51. Kd6 Bh3 52. e6 Bxe6 53. dxe6 fxe6 54. f7 e5 55. f8=Q e4 56. Qf4 1-0


[Site "https://www.chess.com"]

[Event "Titled Tuesday Blitz December 13 Early 2022"]
[White "Lortkipanidze, Nodar"]
[Black "Ezat, Mohamed"]
[WhiteFideId "13604058"]
[BlackFideId "10600906"]
[WhiteElo "2293"]
[BlackElo "2388"]
[Result "1-0"]
[Round "02"]
[TimeControl "180+1"]
[Date "2022.12.14"]
[WhiteClock "0:01:16"]
[BlackClock "0:00:04"]

1. e4 c6 2. Nc3 d5 3. g3 d4 4. Nce2 c5 5. d3 Nc6 6. h4 Nf6 7. Bh3 Bxh3 8. Nxh3 e5 9. O-O Qd7 10. Kg2 h6 11. f3 Be7 12. g4 Nh7 13. h5 Ng5 14. Ng3 Nxh3 15. Kxh3 Bg5 16. a3 Nd8 17. c4 Ne6 18. b4 Bxc1 19. Rxc1 g6 20. Kh2 Nf4 21. bxc5 gxh5 22. Nf5 hxg4 23. fxg4 O-O-O 24. Rb1 Qc7 25. Qa4 Kb8 26. c6 b6 27. c5 h5 28. g5 Rc8 29. cxb6 axb6 30. Qa6 Qa7 31. Rxb6+ Ka8 32. Qb7+ Qxb7 33. cxb7+ Ka7 34. bxc8=Q Rxc8 35. Rb2 Rc3 36. Nxd4 Rxd3 37. Nf3 Re3 38. Nxe5 Rh3+ 39. Kg1 Rg3+ 40. Kh1 Rh3+ 41. Rh2 Rxh2+ 42. Kxh2 Ne6 43. Rxf7+ Ka6 44. Rf6 Ka5 45. Rxe6 h4 46. g6 h3 47. g7 1-0


[Site "https://www.chess.com"]

[Event "Titled Tuesday Blitz December 13 Early 2022"]
[White "Madaminov, Mukhiddin"]
[Black "Tworuszka, Michal"]
[WhiteFideId "14210703"]
[BlackFideId "1117858"]
[WhiteElo "2333"]
[BlackElo "2424"]
[Result "1-0"]
[Round "02"]
[TimeControl "180+1"]
[Date "2022.12.14"]
[WhiteClock "0:00:57"]
[BlackClock "0:00:03"]

1. d4 Nf6 2. Nc3 d5 3. Bf4 Bf5 4. f3 c6 5. g4 Bg6 6. h4 h6 7. e3 e6 8. Bd3 Bxd3 9. Qxd3 Bd6 10. Nge2 Na6 11. O-O-O Nb4 12. Qd2 Bxf4 13. Nxf4 Nh7 14. g5 Qe7 15. g6 Nf8 16. gxf7+ Qxf7 17. Rdg1 O-O-O 18. Qg2 Rg8 19. a3 Na6 20. Nd3 g5 21. Ne5 Qf5 22. hxg5 hxg5 23. Rh5 Nd7 24. Rxg5 Rxg5 25. Qxg5 Qxg5 26. Rxg5 Nxe5 27. dxe5 Nc5 28. Ne2 Re8 29. Nd4 Kd7 30. Kd2 Re7 31. Rg8 Rf7 32. Rg6 Re7 33. Rf6 Na6 34. Ne2 Nc7 35. Nf4 c5 36. Rf8 Ne8 37. Rh8 Nc7 38. Rb8 b6 39. b3 Kc6 40. c4 Na6 41. Rg8 d4 42. exd4 cxd4 43. b4 Kb7 44. Kd3 Nc7 45. Kxd4 Rf7 46. Ke4 Kc6 47. Rg6 Kd7 48. Nh5 Rf5 49. Nf6+ Ke7 50. Rg7+ Kd8 51. Rd7+ Kc8 52. Rd1 Kb7 53. f4 Kc8 54. Rd6 Kb7 55. c5 bxc5 56. bxc5 Kc8 57. a4 Kb7 58. a5 a6 59. Rb6+ Ka7 60. c6 Nd5 61. Nxd5 exd5+ 62. Kxf5 Ka8 63. Rb7 d4 64. e6 d3 65. e7 d2 66. e8=Q# 1-0


[Site "https://www.chess.com"]

[Event "Titled Tuesday Blitz December 13 Early 2022"]
[White "Maghsoodloo, Parham"]
[Black "Saravana, Krishnan P."]
[WhiteFideId "12539929"]
[BlackFideId "5018382"]
[WhiteElo "2672"]
[BlackElo "2190"]
[Result "1-0"]
[Round "02"]
[TimeControl "180+1"]
[Date "2022.12.13"]
[WhiteClock "0:02:14"]
[BlackClock "0:01:27"]

1. d4 d5 2. c4 c6 3. Nf3 Nf6 4. Nc3 dxc4 5. a4 Bf5 6. e3 e6 7. Bxc4 Bb4 8. O-O Nbd7 9. Qe2 O-O 10. h3 a5 11. e4 Bg6 12. Nh4 Nxe4 13. Nxg6 Nxc3 14. bxc3 Bxc3 15. Nxf8 Nxf8 16. Rb1 Bb4 17. f4 Qxd4+ 18. Be3 Qd6 19. f5 e5 20. f6 g6 21. Rbd1 Qc7 22. Qg4 1-0


[Site "https://www.chess.com"]

[Event "Titled Tuesday Blitz December 13 Early 2022"]
[White "Makhmudov, Shukhrat"]
[Black "Lehtosaari, Mauri"]
[WhiteFideId "14200775"]
[BlackFideId "501999"]
[WhiteElo "2135"]
[BlackElo "2513"]
[Result "1-0"]
[Round "02"]
[TimeControl "180+1"]
[Date "2022.12.14"]
[WhiteClock "0:02:53"]
[BlackClock "0:02:37"]

1. e4 c5 2. Nf3 e6 3. d4 cxd4 4. Nxd4 Nc6 5. Nc3 Qc7 6. Nxc6 bxc6 7. Bd3 d5 8. exd5 cxd5 9. O-O Nf6 10. Bg5 Be7 11. Bh4 O-O 12. Bg3 Qb6 13. Na4 Qb4 14. c3 Qa5 15. b4 Qc7 16. Bxc7 1-0


[Site "https://www.chess.com"]